 Dungeon Crawl Stone Soup version 0.21.1-1-g345015f (webtiles) character file.

49 beigtais the Skirmisher (level 3, -3/29 HPs)
             Began as a Demonspawn Fighter on May 30, 2018.
             Engulfed by a cloud of flame (8 damage)
             ... on level 2 of the Dungeon.
             The game lasted 00:04:53 (1658 turns).

beigtais the Skirmisher (Demonspawn Fighter)        Turns: 1658, Time: 00:04:54

Health: -3/29      AC:  9    Str: 21    XL:     3   Next: 53%
Magic:  3/3        EV:  6    Int:  9    God:
Gold:   41         SH: 10    Dex: 13    Spells: 2/2 levels left

rFire    + . .     SeeInvis .   a - +0 war axe
rCold    . . .     Gourm    +   c - +1 shield
rNeg     . . .     Faith    .   j - +0 chain mail
rPois    .         Spirit   .   (no helmet)
rElec    .         Reflect  .   (no cloak)
rCorr    .         Harm     .   (no gloves)
MR       .....                  (no boots)
Stlth    ..........             g - amulet of the gourmand
HPRegen  0.09/turn              e - ring of protection from fire
MPRegen  0.08/turn              (no ring)

@: mighty
A: powered by pain 1, sturdy frame 1
a: no special abilities


You were on level 2 of the Dungeon.
You were completely stuffed.

You visited 1 branch of the dungeon, and saw 2 of its levels.

You collected 41 gold pieces.

Inventory:

Hand Weapons
 a - a +0 war axe (weapon)
Armour
 c - a +1 shield (worn)
 j - a +0 chain mail (worn)
Jewellery
 e - a ring of protection from fire (left hand)
 g - an amulet of the gourmand (around neck)
 k - a +2 ring of protection {unknown}
Scrolls
 b - a scroll of blinking
Potions
 d - a potion of might
 h - a potion of curing {unknown}
Comestibles
 f - a ration
 i - 3 chunks of flesh


   Skills:
 * Level 3.3 Fighting
 * Level 2.2 Axes
 * Level 0.4 Throwing
 * Level 3.0 Armour
 * Level 0.4 Dodging
 * Level 3.1 Shields


You had 2 spell levels left.
You didn't know any spells.

Dungeon Overview and Level Annotations

Branches:
Dungeon (2/15)

Altars:


Innate Abilities, Weirdness & Mutations

You sometimes gain a little power by taking damage.
Your movements are slightly less encumbered by armour. (ER -2)


Message History

The creatures around you are filled with an inner flame!
It was a scroll of immolation.
Firing (i - inventory): No suitable missiles.
Press: ? - help, Shift-Dir - straight line, f - hobgoblin
Aim: a hobgoblin (inner flame)
Okay, then.
Found 26 arrows and a ration.
You hit the hobgoblin but do no damage. You block the hobgoblin's attack.
You hit the hobgoblin.
The hobgoblin is heavily wounded.
The hobgoblin hits you but does no damage.
You slash the hobgoblin!
The hobgoblin explodes!
The fiery explosion engulfs you! You resist.
Ouch! That really hurt!
* * * LOW HITPOINT WARNING * * *
You focus on the pain.
You feel very mighty all of a sudden.
You are engulfed in blazing flames.
You resist.
You die...

#..####.#....................
##.............##............#
#........).....##........###..
...........#.............. #
...........#...#..........#
##.##.########.#..........#
#..)...................
##.......#.....§.§....(
#.............@§......
#.......#......#......
#########......#.....%
#)...... ..... #........ ....
#........ .... #......... .
#######...


There were no monsters in sight!

Vanquished Creatures
  An adder (D:1)
  2 worms (D:2)
  2 leopard geckos
  2 bats
  A giant cockroach (D:2)
  4 hobgoblins
  5 jackals (D:1)
  A ball python (D:2)
  3 frilled lizards (D:1)
  2 goblins
  6 kobolds
  4 rats
33 creatures vanquished.

Notes
Turn   | Place    | Note
-------+----------+-------------------------------------------
     0 | D:1      | beigtais the Demonspawn Fighter began the quest for the Orb.
     0 | D:1      | Reached XP level 1. HP: 18/18 MP: 1/1
   518 | D:1      | Gained mutation: Your movements are slightly less encumbered by armour. (ER -2) [demonic ancestry]
   518 | D:1      | Reached XP level 2. HP: 24/24 MP: 2/2
  1241 | D:1      | Gained mutation: You sometimes gain a little power by taking damage. [demonic ancestry]
  1241 | D:1      | Reached XP level 3. HP: 21/29 MP: 3/3
  1658 | D:2      | Engulfed by a cloud of flame

Skill      XL: |  1  2 |
---------------+-------+-----
Shields        | 3 |  3.1
Axes           | 2 |  2.2
Armour         | 3 |  3.0
Fighting       | |  3.3
Throwing       | |  0.4
Dodging        | |  0.4

Action                   || total
-------------------------++-------
Melee: War axe           ||   106
  Use: Scroll            ||     6
  Eat: Chunk             ||    12
Armor: Scale mail        ||    17
       Chain mail        ||    62
Dodge: Dodged            ||    37
Block: Shield            ||    84
